 Dungeon Crawl Stone Soup version 0.24-a0-246-gb963c9a (console) character file.

Game seed: 2149667220158955597

16 Utis the Caller (level 2, 0/16 HPs)
             Began as a Tengu Summoner on Apr 12, 2019.
             Slain by a kobold
             ... wielding a +0 club
              (1 damage)
             ... on level 1 of the Dungeon.
             The game lasted 00:01:42 (1026 turns).

Utis the Caller (Tengu Summoner)                    Turns: 1026, Time: 00:01:42

Health: 0/16       AC:  3    Str:  8    XL:     2   Next: 58%
Magic:  5/6        EV: 12    Int: 15    God:
Gold:   11         SH:  0    Dex: 14    Spells: 4/5 levels left

rFire    . . .     SeeInvis .   e - +0 club
rCold    . . .     Gourm    .   (no shield)
rNeg     . . .     Faith    .   j - +0 leather armour
rPois    .         Spirit   .   (helmet restricted)
rElec    .         Reflect  .   (no cloak)
rCorr    .         Harm     .   (no gloves)
MR       .....                  (boots unavailable)
Stlth    ++........             (no amulet)
HPRegen  0.05/turn              (no ring)
MPRegen  0.10/turn              (no ring)

@: no status effects
A: beak, talons 3
a: no special abilities


You were on level 1 of the Dungeon.
You were not hungry.

You visited 1 branch of the dungeon, and saw 1 of its levels.

You collected 11 gold pieces.

Inventory:

Hand Weapons
 e - a +0 club (weapon)
Missiles
 f - 8 javelins
 h - 18 stones (quivered)
Armour
 a - a +0 robe
 j - a +0 leather armour (worn)
Scrolls
 g - a scroll of teleportation {unknown}
 i - a scroll of remove curse {unknown}
Potions
 d - 2 potions of heal wounds {unknown}
Comestibles
 c - 2 rations {@e1}


   Skills:
 + Level 1.3 Fighting
 + Level 2.9 Dodging
 - Level 2.0 Stealth
 - Level 2.0 Spellcasting
 - Level 4.8 Summonings


You had 4 spell levels left.
You knew the following spells:

 Your Spells              Type           Power        Failure   Level  Hunger
z - Summon Small Mammal   Summ           ###.         4%          1    #......

Your spell library contained the following spells:

 Spells                   Type           Power        Failure   Level  Hunger
 Call Imp                 Summ           ###.....     7%          2    ###....
 Call Canine Familiar     Summ           ###.....     13%         3    ###....
 Summon Guardian Golem    Hex/Summ       #.......     36%         3    ###....
 Summon Ice Beast         Ice/Summ       #.......     77%         4    #####..
 Summon Lightning Spire   Summ/Air       #.......     77%         4    #####..


Dungeon Overview and Level Annotations

Branches:
Dungeon (1/15)

Altars:


Innate Abilities, Weirdness & Mutations

You have a beak for a mouth.
You have claws for feet.


Message History

The kobold misses you.
You hit the kobold but do no damage. Your kick misses the kobold.
The kobold is moderately wounded.
The kobold hits you with a +0 club.
* * * LOW HITPOINT WARNING * * *
The kobold hits you with a +0 club.
* * * LOW HITPOINT WARNING * * *
Unknown command.
You see here a stone.
Press: ? - help, v - describe, . - travel, g - get item A stone.
The floor.
Unknown command.
You see here a bat corpse.
You see here a stone.
You see here a bat corpse.
Casting: Summon Small Mammal (safe; 4% risk of failure)
Confirm with . or Enter, or press ? or * to list all spells.
The kobold hits you with a +0 club.
You die...

...................>░.░.....░
░.
.░░░.░.░.░░░░░░░░░░.░.░.....░░
░. ░░
░.░............░.░.░......░░░░
░.░░░............░............
░............░.░.░░░..)...░░░░
░░░░░░░░░░░░......░.░ ░......░
.................≈░.░░░......░
░░░░░░░░░░░..≈....░.░........░
░░░░)≈≈.rQ.........░░░░
░░░.......K..........░░░
░.......░.░░......▒▒...░
░.░.......†➘.......▒...░
░.░.....░░➘░....▒......░
░.░░░░░░░░.░░➘..▒▒..░░░░░░░░
░.░ ░..░░.............. ░.░
░░...➘.░..░░░░░░░░. ░.░
░...➘.░.░░


You could see a kobold and a friendly quokka.

Vanquished Creatures
  An ooze (D:1)
  A giant cockroach (D:1)
  A goblin (D:1)
  2 hobgoblins (D:1)
  3 bats (D:1)
  3 frilled lizards (D:1)
  A kobold (D:1)
  A rat (D:1)
13 creatures vanquished.

Notes
Turn   | Place    | Note
-------+----------+-------------------------------------------
     0 | D:1      | Utis the Tengu Summoner began the quest for the Orb.
     0 | D:1      | Reached XP level 1. HP: 10/10 MP: 4/4
   289 | D:1      | Reached skill level 1 in Fighting
   289 | D:1      | Reached XP level 2. HP: 12/16 MP: 6/6
  1026 | D:1      | Slain by a kobold

Levels and vault maps discovered:
D:1:      psy_arrival_conway, layout_basic, serial_rivers,
          chequers_serial_rivers_micro_c, chequers_serial_rivers_small_3,
          chequers_serial_rivers_micro_b, chequers_serial_rivers_room_b,
          chequers_serial_rivers_small_3, minmay_tromino_v2

Skill      XL: |  1 |
---------------+----+-----
Fighting       | 1 |  1.3
Dodging        | |  2.9
Stealth        | |  2.0
Spellcasting   | |  2.0
Summonings     | |  4.8

Action                   || total
-------------------------++-------
Melee: Unarmed           ||    12
       Peck              ||     6
       Kick              ||     5
       Club              ||    33
Throw: Stone             ||     4
       Javelin           ||     2
 Cast: Summon Small Mamm ||     1
Armor: Robe              ||     6
       Leather armour    ||     6
Dodge: Dodged            ||    30

Table legend:
 A = Non-vault XP
 B = Vault XP
 C = Vault XP percentage of total XP
 D = Non-vault monster count
 E = Vault monster count
 F = Vault count percentage of total count
                 A         B        C        D         E       F
            +---------+---------+-------+---------+---------+-------
      Total |      21 |       3 |  12.5 |      11 |       2 |  15.4
            +---------+---------+-------+---------+---------+-------
        D:1 |      21 |       3 |  12.5 |      11 |       2 |  15.4
            +---------+---------+-------+---------+---------+-------
